 Dungeon Crawl Stone Soup version 0.32-a0-391-gce5c0aab1b (webtiles) character file.

Game seed: 3694043182419225720

441044 Aldia the Inexorable Tide (level 25, -1/215 HPs)
             Began as a Formicid Fighter on Feb 18, 2024.
             Was a High Priest of Yredelemnul.
             Collided with a metal wall (7 damage)
             ... after being knocked back by Bai Suzhen
             ... on level 4 of the Vaults on Feb 19, 2024.
             The game lasted 02:21:38 (40166 turns).

Aldia the Inexorable Tide (Formicid Fighter)       Turns: 40166, Time: 02:21:40

Health: -1/215     AC: 38    Str: 30    XL:     25   Next: 29%
Magic:  2/38       EV:  8    Int: 23    God:    Yredelemnul [*****.]
Gold:   3909       SH: 16    Dex: 19    Spells: 12/36 levels left

rFire   + . .        a - +9 great mace (drain)
rCold   + . .        q - +1 kite shield {AC+3}
rNeg    . . .        Q - +13 plate armour "Xuosomn" {Int+2}
rPois   +            (helmet unavailable)
rElec   +            z - +0 cloak of Devotion {rElec Regen+ Int+6 Dex-4}
rCorr   +            O - +1 pair of gloves
SInv    +            (no boots)
Will    +++..        H - amulet of Paranoia {Faith -Tele Will+ Int+5} Stlth
                     Y - ring of Naqehesh {rPois Str+3 Dex+6}
HPRegen 1.35/turn    B - +4 ring of slaying
MPRegen 0.26/turn

%: faith
@: resistant (expiring), enshackling, wreathed by umbra, very slow
A: permanent stasis, dig shafts and tunnels, antennae 3, four strong arms,
subdued magic 1
}: 2/15 runes: decaying, serpentine
a: Dig, Shaft Self, Renounce Religion, Light the Black Torch, Recall Undead
Harvest, Hurl Torchlight, Bind Soul, Fathomless Shackles


You were on level 4 of the Vaults.
You worshipped Yredelemnul.
Yredelemnul was greatly pleased with you.
You visited 8 branches of the dungeon, and saw 41 of its levels.
You visited 1 bazaar.

You collected 6388 gold pieces.
You spent 2479 gold pieces at shops.

Inventory:

Hand Weapons
 a - a +9 great mace of draining (weapon)
 d - the +9 dire flail "Xuvebas" {freeze, rC+ Str+3}
   (You took it off an ogre on level 5 of the Dungeon)

   Str+3:     It affects your strength (+3).
   rC+:       It protects you from cold.
Armour
 q - a +1 kite shield of protection (worn)
 z - the +0 cloak of Devotion (worn) {rElec Regen+ Int+6 Dex-4}
   (You found it on level 5 of the Dungeon)

   Int+6:     It affects your intelligence (+6).
   Dex-4:     It affects your dexterity (-4).
   rElec:     It insulates you from electricity.
   Regen+:    It increases your rate of health regeneration.
 O - a +1 pair of gloves (worn)
 Q - the +13 plate armour "Xuosomn" (worn) {Int+2}
   (You acquired it on level 2 of the Orcish Mines)

   Int+2:     It affects your intelligence (+2).
Jewellery
 c - a ring of resist corrosion
 g - a ring of positive energy
 h - a ring of flight
 y - a +6 ring of strength
 B - a +4 ring of slaying (right hand)
 E - a +5 ring of evasion
 G - a +4 ring of protection
 H - the amulet of Paranoia (around neck) {Faith -Tele Will+ Int+5}
   (You bought it in a shop in a bazaar)

   [amulet of faith]

   Faith:     It allows you to gain divine favour quickly.
   Int+5:     It affects your intelligence (+5).
   Will+:     It increases your willpower.
   -Tele:     It prevents most forms of teleportation.
 P - a ring of protection from cold
 W - an amulet of the acrobat
 Y - the ring of Naqehesh (left hand) {rPois Str+3 Dex+6}
   (You found it on level 12 of the Dungeon)

   [ring of dexterity]

   Str+3:     It affects your strength (+3).
   Dex+6:     It affects your dexterity (+6).
   rPois:     It protects you from poison
 Z - a +6 ring of dexterity
Wands
 b - a wand of mindburst (66)
 K - a wand of light (33)
 L - a wand of paralysis (38)
 M - a wand of polymorph (11)
 U - a wand of roots (8)
 X - a wand of digging (20)
Scrolls
 e - 9 scrolls of poison
 f - 10 scrolls of vulnerability
 j - 4 scrolls of silence
 p - 5 scrolls of fear
 t - 7 scrolls of amnesia
 u - 7 scrolls of fog
 x - a scroll of torment
 F - 7 scrolls of revelation
 J - 2 scrolls of immolation
 N - a scroll of enchant weapon
 R - 7 scrolls of noise
Potions
 i - 6 potions of lignification
 k - 27 potions of curing
 l - 10 potions of attraction
 m - 10 potions of enlightenment
 o - 7 potions of ambrosia
 r - 10 potions of brilliance
 s - 7 potions of magic
 v - a potion of invisibility
 A - 2 potions of might
 D - 7 potions of cancellation
 I - 12 potions of mutation
 S - 10 potions of heal wounds
 V - 6 potions of resistance
Miscellaneous
 n - a phial of floods
 C - a box of beasts
 T - a phantom mirror (inert)


   Skills:
 + Level 21.6 Fighting
 - Level 19.5(20.0) Maces & Flails
 - Level 7.1(14.5) Staves
 + Level 17.8 Armour
 + Level 17.2 Shields
 - Level 6.0 Spellcasting
 - Level 10.0 Summonings
 - Level 10.0 Necromancy
 + Level 11.4 Earth Magic
 - Level 22.0 Invocations


You had 12 spell levels left.
You knew the following spells:

 Your Spells              Type           Power      Damage    Failure   Level
a - Passwall              Erth           45%        N/A       1%          3
b - Martyr's Knell        Necr/Summ      40%        N/A       7%          4
c - Animate Armour        Summ/Erth      86%        N/A       4%          4
d - Fugue of the Fallen   Necr           40%        N/A       1%          3
e - Apportation           Tloc           10%        N/A       41%         1
f - Dispel Undead         Necr           40%        3d16      7%          4
g - Borgnjor's Vile Clut  Necr/Erth      21%        N/A       14%         5

Your spell library contained the following spells:

 Spells                   Type           Power      Damage    Failure   Level
 Necrotise                Necr           100%       1d9       1%          1
 Sandblast                Erth           90%        2d19      1%          1
 Call Imp                 Summ           80%        N/A       1%          2
 Vampiric Draining        Necr           40%        2d8       1%          3
 Stone Arrow              Conj/Erth      50%        3d10      12%         3
 Cigotuvi's Dreadful Rot  Necr/Alch/Air  34%        N/A       17%         2
 Curse of Agony           Necr           40%        N/A       19%         5
 Brom's Barrelling Bould  Conj/Erth      25%        2d5       38%         4
 Leda's Liquefaction      Alch/Erth      12%        N/A       38%         4
 Petrify                  Alch/Erth      25%        N/A       38%         4
 Magic Dart               Conj           20%        1d4       41%         1
 Shock                    Conj/Air       20%        1d4       41%         1
 Slow                     Hex            20%        N/A       41%         1
 Sting                    Conj/Alch      20%        1d4       41%         1
 Jinxbite                 Hex            10%        N/A       54%         2
 Lesser Beckoning         Tloc           10%        N/A       54%         2
 Mercury Vapours          Alch/Air       10%        N/A       54%         2
 Momentum Strike          Conj/Tloc      10%        3d8       54%         2
 Scorch                   Fire           10%        2d5       54%         2
 Searing Ray              Conj           10%        2d4       54%         2
 Summon Cactus Giant      Summ           20%        N/A       73%         6
 Confusing Touch          Hex            5%         N/A       80%         3
 Dazzling Flash           Conj/Hex       10%        N/A       80%         3
 Frozen Ramparts          Ice            10%        1d2       80%         3
 Gell's Gravitas          Tloc           5%         N/A       80%         3
 Hailstorm                Conj/Ice       5%         3d5       80%         3
 Inner Flame              Hex/Fire       5%         N/A       80%         3
 Mephitic Cloud           Conj/Alch/Air  5%         N/A       80%         3
 Ozocubu's Armour         Ice            5%         N/A       80%         3
 Sigil of Binding         Hex            5%         N/A       80%         3
 Teleport Other           Tloc           5%         N/A       80%         3
 Volatile Blastmotes      Fire/Tloc      10%        2d10      80%         3
 Summon Forest            Summ/Tloc      11%        N/A       85%         5
 Summon Mana Viper        Hex/Summ       23%        N/A       85%         5
 Airstrike                Air            2%         2d(1-17)  99%         4
 Flame Wave               Conj/Fire      5%         2d5       99%         4
 Fulminant Prism          Conj/Alch      2%         3d5       99%         4
 Manifold Assault         Tloc           5%         N/A       99%         4
 Olgreb's Toxic Radiance  Alch           5%         N/A       99%         4
 Sticky Flame             Fire/Alch      5%         2d4       99%         4
 Alistair's Intoxication  Alch           3%         N/A       100%        5
 Freezing Cloud           Conj/Ice/Air   2%         6-21      100%        5
 Metabolic Englaciation   Hex/Ice        2%         N/A       100%        5
 Conjure Ball Lightning   Conj/Air       2%         3x3d6     100%        6
 Dispersal                Tloc           2%         N/A       100%        6
 Sculpt Simulacrum        Ice/Alch       2%         N/A       100%        6
 Starburst                Conj/Fire      2%         6d3       100%        6
 Haunt                    Necr/Summ      20%        N/A       100%        7
 Ozocubu's Refrigeration  Ice            2%         4d8       100%        7
 Summon Hydra             Summ           20%        N/A       100%        7
 Disjunction              Tloc           2%         N/A       100%        8
 Infestation              Necr           20%        N/A       100%        8
 Lehudib's Crystal Spear  Conj/Erth      12%        10d4      100%        8
 Maxwell's Capacitive Co  Air            2%         ∞         100%        8
 Polar Vortex             Ice            2%         N/A       100%        9
 Animate Dead             Necr           Unusable   N/A       N/A         4
 Blink                    Tloc           Unusable   N/A       N/A         2
 Death Channel            Necr           Unusable   N/A       N/A         6
 Swiftness                Air            Unusable   N/A       N/A         3
 Vhi's Electric Charge    Tloc/Air       Unusable   N/A       N/A         4

Dungeon Overview and Level Annotations

Branches:
Dungeon (15/15)            Temple (0/1) D:5            Lair (5/5) D:8
  Swamp (4/4) Lair:3        Snake (4/4) Lair:2        Slime (0/5) Lair:4
    Orc (2/2) D:9             Elf (2/3) Orc:2        Vaults (5/5) D:14
  Crypt (0/3) Vaults:2     Depths (4/4) D:15            Zot (0/5) Depths:4

Altars:
Cheibriados
Elyvilon
Gozag
Makhleb
Nemelex Xobeh
Qazlal
Uskayaw
Wu Jian
Yredelemnul
Zin
The Shining One
Jiyva

Shops:
D:3 [(!   D:4 **!   Orc:2 ([*(   Elf:2 (!   Snake:1 ?   Snake:2 *   Vaults:1 (
Depths:2 ?   Depths:3 (

Portals:
Hell: Depths:1 Depths:2 Depths:3 Depths:4
Abyss: Depths:1 Depths:2 Depths:3 Depths:4
Pandemonium: Depths:2 Depths:4
Ziggurat: Depths:3

Annotations:
Swamp:3 1 runed translucent door, runemasterragnar's ghost, adept CoGl
Vaults:4 Bai Suzhen
Depths:1 3 runed translucent doors


Innate Abilities, Weirdness & Mutations

You cannot be hasted, slowed, berserked, paralysed or teleported.
You can dig through walls and to a lower floor.
You have a pair of large antennae on your head. (SInv)
Your four strong arms can wield two-handed weapons with a shield.
Your spells are a little easier to cast, but a little less powerful.


Message History

The eight-headed hydra bites your glowing orange brain! x3
Your great orb of eyes gazes at the reaper.
The reaper resists with almost no effort.
Your glowing orange brain is engulfed in a thunderstorm.
Your glowing orange brain dies!
Your glowing orange brain dissolves into shadows!
Unknown command.
Unknown command.
Unknown command.
Activating: Fathomless Shackles (0% risk of failure)
Press: ? - help, Dir - look around, f - activate You call down Yredelemnul's inexorable grip.
You block the reaper's attack.
Your great orb of eyes bites the reaper!
Unknown command.
Unknown command.
Unknown command.
Unknown command.
Bai Suzhen breathes water at you. The torrent of water hits you!
* * * LOW HITPOINT WARNING * * *
The wave splashes down.
Splash!
You fall into the shallow water.
Moving in this stuff is going to be slow.
Your titan zombie hits Bai Suzhen.
The reaper barely misses your great orb of eyes.
Your great orb of eyes gazes at the reaper.
The reaper resists with almost no effort.
Unknown command.
Unknown command.
Unknown command.
The eight-headed hydra disappears in a puff of smoke!
Bai Suzhen breathes water at you. The torrent of water hits you!!
* * * LOW HITPOINT WARNING * * *
You are knocked back by the torrent of water.
You slam into the metal wall!
You die...
Your body rises from the dead as a mindless zombie.

#.......############....
#...).§2#..(.......#....
#...L.§~#..........#....
#....ZD§#..........#...Z
##########...2§§§#..........#...Z
.........+....G..'..........#..ZZ
........[#.....~~#......Z...####'
{Z{......#.....~~########Z'###...
{{{).....#.....~@# #.Z....)##
##''####'######### #.{.#....#
......#..# #{.###.[.# .)....#..#
#{.###.... ......#..#########
#Z##.##)..
......#..#[......#######.......##
......#..ZZ#...#.##.#.##Z..#....#
......#.Z#.ZZZZZ{ZZ..).#Z.###...#
......#{Z#.......##.#.##Z.###.)..


You could see Bai Suzhen (clouds, catching breath, drained, ally target, bound),
a dread lich (fast, invisible, bound), 2 reapers, a friendly great orb of eyes
(summoned) and a friendly titan zombie.

Vanquished Creatures
  Frederick (Vaults:2)
  A golden dragon (Depths:4)
  3 tentacled monstrosities
  2 titans
  Asterion (Depths:1)
  2 sphinxes
  A deep elf blademaster (Elf:2)
  3 shadow dragons
  4 tengu reavers
  Roxanne (Swamp:2)
  2 fenstrider witches
  A draconian knight (Depths:4)
  2 frost giants
  4 nagarajas (Snake:4)
  4 fire giants
  12 vault wardens
  An orc warlord (Vaults:3)
  17 ironbound preservers
  2 deep elf elementalists
  2 ghouls (Swamp:3)
  3 spriggan defenders
  5 ironbound thunderhulks
  2 ophanim (Depths:3)
  5 very ugly things
  A deep elf death mage (Vaults:3)
  A vampire knight (Depths:4)
  2 formless jellyfish (Vaults:3)
  2 deep elf demonologists
  6 eleionomae
  6 stone giants
  2 apis (Depths:3)
  2 red draconians (Depths:4)
  A white draconian (Depths:4)
  A deep elf annihilator (Elf:1)
  4 bunyips
  A black draconian (Depths:4)
  3 war gargoyles
  2 dire elephants (Vaults:3)
  7 ettins
  6 fire dragons
  The ghost of runemasterragnar the Carver, a journeyman CoGl of Trog (D:12)
  2 quicksilver dragon zombies
  A shambling mangrove (Swamp:4)
  A green death (Swamp:4)
  The ghost of Teolusk the Martial Artist, a journeyman DsMo of Hepliaklqana (D:14)
  7 great orbs of eyes
  5 rakshasas
  2 salamander tyrants
  3 entropy weavers
  4 ice dragons
  28 vault guards
  9 yaktaur captains
  8 hydras
  3 peacekeepers (Vaults:3)
  A sphinx zombie (Depths:2)
  A hell beast (Depths:3)
  11 anacondas
  2 spriggan air magi (Depths:1)
  A catoblepas (Lair:4)
  A death knight (Vaults:2)
  2 boulder beetles
  3 alligators
  19 dancing weapons
  2 deep troll shamans
  5 ironbound frosthearts
  2 deep troll earth magi
  3 centaur warriors
  5 tengu warriors
  The ghost of blorb9000 the Slicer, a novice HuFi (D:9)
  4 two-headed ogres
  8 death yaks
  7 naga warriors
  2 occultists
  2 spriggan berserkers
  6 naga sharpshooters
  A sun demon (Depths:2)
  A soul eater (Depths:2)
  A shock serpent (Snake:2)
  12 deep elf knights
  5 hell knights
  A sixfirhy (Swamp:4)
  An iron troll (Vaults:5)
  6 salamander mystics
  A skyshark (Lair:5)
  The ghost of Biggs the Grappler, a novice VSMo of Dithmenos (D:7)
  2 shadow wraiths
  6 goliath frogs
  6 spriggan druids
  A spectral spark wasp (Depths:3)
  4 spriggan riders
  14 mana vipers
  6 arcanists
  4 naga ritualists
  41 deep trolls
  5 lindwurms
  A glowing orange brain (Vaults:3)
  14 ironbound convokers
  An orange crystal statue (Orc:2)
  4 deep elf archers
  8 harpies
  2 bog bodies (Lair:3)
  An iron dragon zombie (Depths:2)
  A phantasmal warrior (Vaults:5)
  8 necromancers
  3 orc knights
  2 swamp dragons
  37 ugly things
  33 deep elf pyromancers
  18 deep elf zephyrmancers
  A stone giant zombie (Vaults:3)
  2 will-o-the-wisps
  3 orc sorcerers
  A wolf spider (D:14)
  A moth of wrath (D:14)
  A shining eye (shapeshifter) (Vaults:5)
  A tengu skeleton (Vaults:3)
  4 cyclopes
  2 manticores
  Maurice (D:9)
  5 salamanders
  2 black mambas (shapeshifter)
  6 large abominations (Depths:1)
  7 elephants (Lair:4)
  A stone giant skeleton (Vaults:3)
  4 guardian serpents
  An elephant (shapeshifter) (D:15)
  4 human skeletons
  5 kobold blastminers (Orc:2)
  10 vault sentinels
  A fire giant skeleton (Vaults:3)
  5 orange demons (Swamp:4)
  38 black mambas
  A water nymph (Depths:2)
  A smoke demon (Swamp:4)
  10 naga magi
  A water nymph (shapeshifter) (Vaults:3)
  6 torpor snails (Lair:5)
  An efreet (D:15)
  An unseen horror (Depths:1)
  7 komodo dragons
  A hellion (Depths:2)
  A rime drake (Lair:1)
  9 cane toads
  A kobold demonologist (D:9)
  A freezing wraith (D:15)
  14 yaktaurs
  Psyche (D:9)
  The ghost of jamsaran the Firebug, a novice TeFE (D:5)
  A tengu conjurer (D:13)
  A yaktaur skeleton (Vaults:3)
  4 polar bears
  A merfolk (Depths:2)
  A bloated husk (Swamp:4)
  2 hellwings (Swamp:4)
  5 trolls
  12 hornets
  A wolf spider simulacrum (D:14)
  A polar bear (shapeshifter) (D:13)
  A tengu simulacrum (Vaults:3)
  9 tyrant leeches
  12 blink frogs
  2 dream sheep (Lair:5)
  An air elemental (Elf:1)
  19 slime creatures
  6 wyverns
  9 spriggans
  3 wraiths
  A culicivora (shapeshifter) (Vaults:5)
  7 water elementals
  2 fire elementals (Elf:2)
  33 yaks
  14 humans (D:14)
  A basilisk (Lair:4)
  A warg (Orc:1)
  A steam dragon (Lair:4)
  4 neqoxecs (D:12)
  A redback (D:14)
  5 vampire mosquitoes
  A chaos spawn (Depths:1)
  3 swamp worms
  A swamp worm (shapeshifter) (Vaults:3)
  2 acid dragons
  28 nagas
  8 water moccasins
  A nameless horror (Vaults:3)
  25 orc warriors
  An ogre skeleton (Vaults:3)
  A swamp drake (D:9)
  A glowing shapeshifter skeleton (Vaults:3)
  An ice beast (D:14)
  A crocodile (shapeshifter) (Elf:1)
  7 boggarts
  7 centaurs
  8 ogres
  21 wolves
  8 kobold brigands
  Blork the orc (D:4)
  A phantom (D:6)
  10 bullfrogs
  A scorpion (D:4)
  2 gnoll sergeants
  13 wights
  A small abomination (Depths:1)
  21 killer bees
  3 howler monkeys (D:7)
  6 electric eels
  3 bombardier beetles
  2 quasits (D:12)
  2 jellies
  A jelly (shapeshifter) (D:13)
  6 orc priests
  2 gnoll boudas
  8 hounds
  Natasha (thrice) (D:3)
  19 orc wizards
  3 iguanas (D:5)
  17 hell rats
  20 gnolls
  21 river rats
  4 adders
  A shadow imp (D:4)
  4 white imps
  3 ufetubi
  6 ribbon worms
  2 dart slugs (D:4)
  53 orcs
  12 ball pythons
  5 bats
  4 endoplasms
  7 goblins
  6 hobgoblins
  5 jackals
  10 quokkas
  2 frilled lizards
  10 kobolds
  17 rats
1309 creatures vanquished.

Vanquished Creatures (collateral kills)
  2 golden dragons (Vaults:3)
  the Enchantress (Depths:1)
  2 pearl dragons (Depths:3)
  A lich (Vaults:3)
  A sphinx (Vaults:3)
  3 tengu reavers
  A thorn hunter (Swamp:4)
  A shadow dragon (Vaults:5)
  2 storm dragons
  4 fenstrider witches
  A nagaraja (Snake:4)
  2 vault wardens
  3 frost giants
  A draconian scorcher (Depths:4)
  2 fire giants
  2 ghouls
  2 spriggan defenders
  4 ironbound thunderhulks
  A very ugly thing (Depths:2)
  5 ironbound preservers
  3 stone giants
  An eleionoma (Depths:2)
  A deep elf death mage (Vaults:3)
  3 dire elephants
  A vampire knight (Depths:2)
  A yellow draconian (Depths:4)
  A bunyip (Swamp:4)
  A white draconian (Depths:4)
  5 ettins
  2 fire dragons
  A deep elf high priest (Vaults:4)
  4 yaktaur captains
  A great orb of eyes (Vaults:2)
  4 rakshasas
  12 vault guards
  An ogre mage (Swamp:4)
  3 salamander tyrants
  A merfolk avatar (Swamp:1)
  A hell beast (Swamp:4)
  2 ironbound frosthearts
  6 alligators
  3 hydras
  2 spriggan air magi (Depths:2)
  A centaur warrior (D:14)
  A catoblepas (Vaults:3)
  7 dancing weapons
  An anaconda (Snake:4)
  A two-headed ogre (Orc:2)
  A merfolk aquamancer (Depths:2)
  A death knight (Vaults:2)
  A two-headed ogre (shapeshifter) (Vaults:3)
  A deep troll shaman (Depths:2)
  2 deep troll earth magi
  2 death yaks
  A naga warrior (Snake:4)
  3 spriggan berserkers
  3 shock serpents
  A hell knight (Depths:3)
  Sonja (Lair:2)
  4 deep elf knights (Elf:2)
  A naga sharpshooter (Snake:4)
  A skyshark (Lair:1)
  A titan skeleton (Vaults:4)
  3 iron trolls
  A sixfirhy (Swamp:4)
  A storm dragon skeleton (Vaults:3)
  A goliath frog (Swamp:2)
  A spriggan rider (Depths:3)
  7 mana vipers
  7 naga ritualists
  3 arcanists
  4 deep elf archers (Elf:2)
  2 salamander mystics
  2 spriggan druids
  2 swamp dragons
  A glowing orange brain (Vaults:4)
  9 deep elf pyromancers
  26 deep trolls
  4 ironbound convokers
  3 lindwurms (Vaults:3)
  6 necromancers
  6 deep elf zephyrmancers
  2 orc sorcerers (Orc:1)
  3 will-o-the-wisps
  9 ugly things
  3 salamanders
  A manticore (D:14)
  2 kobold blastminers
  2 guardian serpents (Snake:4)
  2 large abominations (Depths:1)
  3 elephants (Lair:4)
  A water nymph (Depths:2)
  5 naga magi
  7 black mambas
  2 vault sentinels
  2 smoke demons
  A stone giant skeleton (Depths:2)
  3 cane toads
  An orange demon (Swamp:4)
  10 yaktaurs
  An unseen horror (Depths:1)
  A kobold demonologist (D:9)
  3 komodo dragons
  2 freezing wraiths
  A merfolk (Depths:2)
  A tengu conjurer (Depths:2)
  A hydra zombie (Swamp:4)
  A bloated husk (Swamp:4)
  2 tyrant leeches
  A hellwing (Swamp:4)
  A polar bear (D:14)
  2 hornets
  3 trolls
  7 blink frogs
  A dream sheep (Lair:5)
  A centaur simulacrum (D:14)
  4 slime creatures
  An elf skeleton (Vaults:3)
  5 spriggans
  A tyrant leech zombie (Swamp:3)
  3 basilisks
  2 water elementals (Depths:2)
  7 yaks
  3 humans (D:14)
  3 chaos spawn
  A spectral orange demon (Swamp:4)
  2 small abominations (Depths:1)
  2 vampire mosquitoes
  A glowing shapeshifter zombie (Vaults:3)
  12 nagas
  3 acid dragons
  2 water moccasins
  3 swamp worms
  A sky beast (shapeshifter) (D:14)
  An ogre skeleton (Vaults:3)
  A black bear (D:7)
  A hornet zombie (Swamp:3)
  12 orc warriors
  A swamp drake (Swamp:3)
  6 ogres
  A boggart (D:15)
  4 elf zombies
  6 centaurs
  A wolf (Lair:5)
  4 kobold brigands (D:9)
  A scorpion (D:6)
  A bullfrog (Lair:3)
  An earth elemental (Elf:2)
  A wight (D:6)
  2 spriggan zombies
  7 killer bees
  2 electric eels
  A quasit (D:12)
  A jelly (D:7)
  2 orc priests
  An iguana (D:5)
  An orc wizard (D:13)
  4 hell rats
  A gnoll (D:8)
  4 adders (D:5)
  3 river rats
  3 white imps (D:14)
  An ufetubus (D:14)
  26 orcs
  A ball python (D:4)
  An endoplasm (D:4)
  A goblin (D:4)
  8 kobolds
  2 quokkas
  5 rats
488 creatures vanquished.

Vanquished Creatures (others)
  A golden dragon (Depths:4)
  A lich (Vaults:3)
  A deep elf blademaster (Elf:2)
  A tengu reaver (Vaults:5)
  A frost giant (Depths:4)
  A draconian scorcher (Depths:4)
  An eleionoma (Depths:2)
  A yellow draconian (Depths:4)
  2 fire dragons
  An ettin (Depths:4)
  A deep elf high priest (Vaults:5)
  A very ugly thing zombie (Depths:3)
  A yaktaur captain (Vaults:5)
  A fenstrider witch zombie (Depths:2)
  5 vault guards
  A salamander tyrant (Depths:2)
  A spriggan air mage (Depths:1)
  A merfolk aquamancer (Depths:2)
  3 dancing weapons (Elf:2)
  A tengu warrior (Depths:4)
  2 spectral sixfirhies (Swamp:4)
  4 deep elf knights (Elf:2)
  4 deep trolls
  2 deep elf archers (Elf:2)
  3 anaconda zombies (Snake:4)
  2 ugly thing zombies
  A lindwurm (Vaults:3)
  An alligator zombie (Swamp:4)
  A goliath frog zombie (Swamp:4)
  4 deep elf zephyrmancers
  A deep elf pyromancer (Elf:1)
  2 stone giant zombies
  A draconian zombie (Depths:4)
  An ugly thing (Depths:2)
  An eleionoma zombie (Depths:2)
  2 salamanders
  2 mana viper zombies (Snake:4)
  A minotaur zombie (Depths:1)
  A formless jellyfish zombie (Vaults:3)
  3 spectral rakshasas
  A red draconian zombie (Depths:4)
  An unseen horror zombie (Depths:1)
  A merfolk (Depths:2)
  2 harpy zombies
  2 hydra zombies (Swamp:4)
  A spectral lindwurm (Vaults:3)
  2 ettin zombies
  3 fire dragon zombies
  A guardian serpent zombie (Snake:4)
  7 black mamba zombies
  A slime creature zombie (Vaults:3)
  A spriggan (Depths:1)
  A spectral hell beast (Depths:3)
  2 water nymph zombies
  A merfolk zombie (Depths:2)
  13 deep troll zombies
  2 entropy weaver zombies
  28 elf zombies
  A manticore zombie (D:14)
  A swamp dragon zombie (Swamp:4)
  A lindwurm zombie (Vaults:1)
  4 blink frog zombies (Lair:5)
  A dream sheep zombie (Lair:5)
  A hornet zombie (Lair:5)
  2 spectral chaos spawn (Depths:1)
  3 salamander zombies
  3 yaktaur zombies
  2 water moccasin zombies
  A wyvern zombie (D:9)
  20 human zombies
  4 yak zombies
  2 polar bear zombies (D:14)
  8 spriggan zombies
  A troll zombie (D:14)
  2 wolf zombies (D:8)
  A bullfrog zombie (D:7)
  2 centaur zombies
  2 boggart zombies (Vaults:2)
  A scorpion zombie (D:6)
  9 killer bee zombies
  10 naga zombies
  3 ogre zombies
  An acid dragon zombie (D:14)
  An ice beast zombie (D:14)
  A sky beast zombie (D:14)
  2 hound zombies
  9 gnoll zombies
  A swamp drake zombie (Swamp:3)
  A ribbon worm zombie (D:5)
  An iguana zombie (D:5)
  A jelly zombie (D:7)
  3 spectral white imps (D:14)
  4 river rat zombies
  A ball python zombie (D:4)
  A bombardier beetle zombie (D:5)
  3 kobold zombies
  37 orc zombies
  A quokka zombie (D:4)
  A spectral ufetubus (D:14)
  15 foxfires
305 creatures vanquished.

Grand Total: 2102 creatures vanquished

Notes
Turn   | Place    | Note
-------+----------+-------------------------------------------
     0 | D:1      | Aldia the Formicid Fighter began the quest for the Orb.
     0 | D:1      | Reached XP level 1. HP: 18/18 MP: 1/1
    40 | D:1      | Reached XP level 2. HP: 24/24 MP: 2/2
   251 | D:1      | Reached XP level 3. HP: 27/29 MP: 3/3
   814 | D:2      | Reached XP level 4. HP: 30/37 MP: 4/4
  1036 | D:2      | Learned a level 3 spell: Passwall
  1291 | D:3      | Found Koasua's Weapon Shop.
  1316 | D:3      | Found Impakar's Distillery.
  1324 | D:3      | Bought a potion of attraction for 42 gold pieces
  1451 | D:3      | Reached XP level 5. HP: 42/42 MP: 5/5
  1581 | D:3      | Found an ornate altar of the Wu Jian Council.
  1584 | D:3      | Found a hide-covered altar of Uskayaw.
  1586 | D:3      | Found a basalt altar of Yredelemnul.
  1588 | D:3      | Found an opulent altar of Gozag.
  1588 | D:3      | Found a white marble altar of Elyvilon.
  1588 | D:3      | Found a snail-covered altar of Cheibriados.
  1589 | D:3      | Found a burning altar of Makhleb.
  1603 | D:3      | Found Joxt's Antique Armour Emporium.
  1627 | D:3      | Became a worshipper of Yredelemnul the Fallen
  1697 | D:3      | Noticed Natasha
  1704 | D:3      | Killed Natasha
  1933 | D:3      | Bought a potion of enlightenment for 70 gold pieces
  1946 | D:3      | Noticed Natasha
  1955 | D:3      | Killed Natasha
  1956 | D:3      | Reached skill level 1 in Invocations
  1993 | D:4      | Found Kuughuve's Distillery.
  1993 | D:4      | Found Zuzeus's General Store.
  1993 | D:4      | Found Qeumo's General Store.
  2036 | D:4      | Found a sparkling altar of Nemelex Xobeh.
  2040 | D:4      | Reached XP level 6. HP: 49/49 MP: 6/6
  2173 | D:4      | Noticed Blork the orc
  2184 | D:4      | Killed Blork the orc
  2184 | D:4      | Reached * piety under Yredelemnul
  2216 | D:4      | Reached skill level 2 in Invocations
  2252 | D:4      | Reached XP level 7. HP: 55/55 MP: 8/8
  2321 | D:4      | Reached skill level 5 in Staves
  2452 | D:4      | Reached skill level 5 in Fighting
  2452 | D:4      | Reached skill level 5 in Armour
  3096 | D:3      | Noticed Natasha
  3105 | D:3      | Killed Natasha
  3106 | D:3      | Reached skill level 3 in Invocations
  3166 | D:4      | Bought a potion of degeneration for 11 gold pieces
  3247 | D:5      | Entered Level 5 of the Dungeon
  3248 | D:5      | Found a transporter.
  3267 | D:5      | Noticed jamsaran's ghost (novice TeFE)
  3268 | D:5      | Identified the +9 dire flail "Xuvebas" {freeze, rC+ Str+3}
  3472 | D:5      | Reached XP level 8. HP: 49/62 MP: 10/10
  3536 | D:5      | Found a staircase to the Ecumenical Temple.
  3667 | D:5      | Reached ** piety under Yredelemnul
  3782 | D:5      | Found a transporter.
  3971 | D:5      | Reached skill level 4 in Invocations
  3986 | D:5      | Identified the +0 cloak of Devotion {rElec Regen+ Int+6
                  | Dex-4}
  4302 | D:5      | Killed jamsaran's ghost
  4303 | D:5      | Reached XP level 9. HP: 46/69 MP: 12/12
  4317 | D:5      | Learned a level 4 spell: Martyr's Knell
  4370 | D:6      | Reached skill level 1 in Maces & Flails
  4370 | D:6      | Reached skill level 5 in Invocations
  4769 | D:6      | Reached skill level 6 in Invocations
  5246 | D:4      | Bought a potion of curing for 42 gold pieces
  5246 | D:4      | Bought a scroll of identify for 28 gold pieces
  5397 | D:4      | Bought a potion of mutation for 88 gold pieces
  5548 | D:7      | Reached XP level 10. HP: 68/79 MP: 14/14
  5553 | D:7      | Reached skill level 5 in Shields
  5575 | D:7      | Found a runed translucent gate.
  5575 | D:7      | Found a runed translucent gate.
  5575 | D:7      | Found a runed translucent gate.
  5575 | D:7      | Noticed Biggs's ghost (novice VSMo)
  5642 | D:7      | Reached skill level 5 in Maces & Flails
  5664 | D:7      | Reached *** piety under Yredelemnul
  5682 | D:7      | Reached skill level 7 in Invocations
  6227 | D:7      | Killed Biggs's ghost
  6343 | D:8      | Identified the +4 scale mail "Litefi" {^Contam rPois rF+}
  6519 | D:8      | Reached XP level 11. HP: 54/87 MP: 11/16
  6533 | D:8      | Reached **** piety under Yredelemnul
  6537 | D:8      | Found a staircase to the Lair.
  6707 | D:8      | Reached skill level 8 in Invocations
  6905 | D:8      | Noticed Erica
  6915 | D:8      | Killed Erica
  6915 | D:8      | Bound Erica
  7416 | D:9      | Noticed a two-headed ogre
  7421 | D:9      | Killed a two-headed ogre
  7490 | D:9      | Noticed Psyche
  7495 | D:9      | Killed Psyche
  7515 | D:9      | Noticed Maurice
  7520 | D:9      | Maurice stole a ring of flight
  7521 | D:9      | Killed Maurice
  7804 | D:9      | Found a staircase to the Orcish Mines.
  7949 | D:9      | Found a runed translucent gate.
  7950 | D:9      | Found a runed translucent gate.
  7953 | D:9      | Found a runed translucent gate.
  7954 | D:9      | Noticed blorb9000's ghost (novice HuFi)
  7971 | D:9      | Your ally Psyche died
  7975 | D:9      | Noticed a soul eater
  7978 | D:9      | Killed blorb9000's ghost
  7979 | D:9      | Reached skill level 9 in Invocations
  8142 | D:10     | Entered Level 10 of the Dungeon
  8157 | D:10     | Reached ***** piety under Yredelemnul
  8206 | D:10     | Reached XP level 12. HP: 97/97 MP: 19/19
  8464 | D:10     | Reached skill level 10 in Fighting
  8470 | D:10     | Reached skill level 10 in Maces & Flails
  8604 | D:10     | Noticed a two-headed ogre
  8606 | D:10     | Killed a two-headed ogre
  8815 | D:11     | Reached skill level 10 in Invocations
  9167 | D:11     | Reached skill level 10 in Shields
  9539 | Lair:1   | Entered Level 1 of the Lair of Beasts
  9539 | Lair:1   | Noticed a skyshark
  9546 | Lair:1   | Killed a skyshark
  9746 | Lair:1   | Found an opulent altar of Gozag.
  9811 | Lair:1   | Reached XP level 13. HP: 105/105 MP: 21/21
  9930 | Lair:1   | Reached ****** piety under Yredelemnul
 10574 | Lair:2   | Noticed Sonja
 10581 | Lair:2   | Killed Sonja
 10582 | Lair:2   | Reached skill level 11 in Invocations
 11127 | Lair:2   | Found a staircase to the Snake Pit.
 11639 | Lair:3   | Found a staircase to the Swamp.
 11987 | Lair:4   | Found a viscous altar of Jiyva.
 11987 | Lair:4   | Found a staircase to the Slime Pits.
 12067 | Lair:4   | Noticed a four-headed hydra
 12073 | Lair:4   | Killed a four-headed hydra
 12079 | Lair:4   | Reached skill level 12 in Invocations
 12087 | Lair:4   | Identified the +0 scale mail of Onoddeme {rF+ rCorr Str+3}
 12146 | Lair:4   | Noticed a catoblepas
 12147 | Lair:4   | Reached XP level 14. HP: 114/114 MP: 23/23
 13092 | Lair:5   | Entered Level 5 of the Lair of Beasts
 13147 | Lair:5   | Reached skill level 13 in Invocations
 13683 | Lair:5   | Reached XP level 15. HP: 106/124 MP: 16/25
 13734 | Lair:5   | Reached skill level 14 in Invocations
 14246 | D:4      | Bought a potion of heal wounds for 50 gold pieces
 14308 | D:3      | Bought a potion of mutation for 112 gold pieces
 14308 | D:3      | Bought 2 potions of heal wounds for 140 gold pieces
 14370 | D:4      | Bought a scroll of fear for 40 gold pieces
 14509 | Orc:1    | Entered Level 1 of the Orcish Mines
 14970 | Orc:2    | Entered Level 2 of the Orcish Mines
 14993 | Orc:2    | Found a flickering gateway to a bazaar.
 15004 | Bazaar   | Entered a bazaar
 15019 | Bazaar   | Found Asiacuxu's Jewellery Shoppe.
 15042 | Bazaar   | Found Rirghouwei's Distillery.
 15080 | Bazaar   | Found Ikhlal's Jewellery Shoppe.
 15140 | Bazaar   | Bought a potion of heal wounds for 60 gold pieces
 15140 | Bazaar   | Bought a potion of heal wounds for 60 gold pieces
 15140 | Bazaar   | Bought a potion of curing for 36 gold pieces
 15140 | Bazaar   | Bought a potion of curing for 36 gold pieces
 15140 | Bazaar   | Bought a potion of curing for 36 gold pieces
 15154 | Bazaar   | Bought the amulet of Paranoia {Faith -Tele Will+ Int+5} for
                  | 504 gold pieces
 15320 | Orc:2    | Reached skill level 15 in Shields
 15325 | Orc:2    | Found Imuven's Armour Shop.
 15325 | Orc:2    | Found Qimituopn's Assorted Antiques.
 15331 | Orc:2    | Found Fueceacuz's Antique Weapon Emporium.
 15351 | Orc:2    | Found Zycs's Weapon Boutique.
 15385 | Orc:2    | Bought a twisted cloak for 323 gold pieces
 15385 | Orc:2    | Identified the +0 cloak of the Ten Tales {Int+5} (You
                  | bought it in a shop on level 2 of the Orcish Mines)
 15386 | Orc:2    | Bought a scroll of identify for 68 gold pieces
 15386 | Orc:2    | Identified a scroll of acquirement
 15390 | Orc:2    | Acquired the +13 plate armour "Xuosomn" {Int+2}
 15760 | Orc:2    | Found a staircase to the Elven Halls.
 16097 | Orc:2    | Bought a scroll of identify for 68 gold pieces
 16331 | D:12     | Found a transporter.
 16605 | D:12     | Found a transporter.
 16612 | D:12     | Noticed runemasterragnar's ghost (journeyman CoGl)
 17049 | D:12     | Identified the ring of Naqehesh {rPois Str+3 Dex+6}
 17061 | D:12     | Killed runemasterragnar's ghost
 17063 | D:12     | Gained mutation: Your spells are a little easier to cast,
                  | but a little less powerful. [a neqoxec]
 17127 | D:13     | Identified the +2 morningstar of Imminent Death {antimagic,
                  | rElec}
 17440 | D:13     | Reached skill level 15 in Invocations
 17703 | D:13     | Reached XP level 16. HP: 112/134 MP: 23/27
 18054 | D:14     | Found a transporter.
 18054 | D:14     | Noticed a storm dragon
 18054 | D:14     | Noticed Teolusk's ghost (journeyman DsMo)
 18482 | D:14     | Reached skill level 15 in Fighting
 18494 | D:14     | Reached skill level 10 in Armour
 18494 | D:14     | Found a gate to the Vaults.
 18576 | D:14     | Found a transporter.
 18925 | D:14     | Reached skill level 16 in Invocations
 18928 | D:14     | Killed a storm dragon
 18945 | D:14     | Killed Teolusk's ghost
 18949 | D:14     | Identified the +0 cloak of the Ego {Int+3}
 19052 | D:15     | Entered Level 15 of the Dungeon
 19356 | D:15     | Found a staircase to the Depths.
 20029 | Snake:1  | Entered Level 1 of the Snake Pit
 20137 | Snake:1  | Reached XP level 17. HP: 137/144 MP: 15/29
 20348 | Snake:1  | Found Vaetekh's Magic Scroll Emporium.
 20549 | Snake:1  | Reached skill level 17 in Invocations
 21361 | Snake:2  | Found Heojaiwk's Assorted Antiques.
 22335 | Snake:3  | Reached skill level 18 in Invocations
 22442 | Snake:3  | Learned a level 4 spell: Animate Armour
 22517 | Snake:3  | Found the +16 obsidian axe {drain, demonic, Mesm ^Drain Fly
                  | SInv}
 22775 | Snake:4  | Entered Level 4 of the Snake Pit
 22847 | Snake:4  | Reached skill level 1 in Earth Magic
 22962 | Snake:4  | Reached XP level 18. HP: 143/155 MP: 15/31
 23219 | Snake:4  | Reached skill level 5 in Earth Magic
 23365 | Snake:4  | Got a serpentine rune of Zot
 23847 | Snake:4  | Got Izeizuunn's Atlas of Tempestuous Locality
 24117 | Swamp:1  | Entered Level 1 of the Swamp
 24134 | Swamp:1  | Reached skill level 1 in Summonings
 24194 | Swamp:1  | Found the +1 robe of Vines {NoPotionHeal Regen++++}
 24231 | Swamp:1  | Reached skill level 19 in Invocations
 24898 | Orc:2    | Bought a glowing great mace for 323 gold pieces
 25103 | Swamp:2  | Noticed Roxanne
 25182 | Swamp:2  | Reached skill level 1 in Spellcasting
 25182 | Swamp:2  | Reached XP level 19. HP: 118/163 MP: 32/32
 25343 | Swamp:2  | Found a stormy altar of Qazlal.
 25429 | Swamp:2  | Noticed a tentacled monstrosity
 25436 | Swamp:2  | Killed a tentacled monstrosity
 25627 | Swamp:2  | Killed Roxanne
 25860 | Swamp:3  | Found a runed translucent door.
 25868 | Swamp:3  | Noticed runemasterragnar's ghost (adept CoGl)
 25868 | Swamp:3  | Found the +7 hand cannon "Mule" {flame, backblast, rF+}
 25915 | Swamp:3  | Noticed Mara
 25922 | Swamp:3  | Noticed Aldia's illusion
 25924 | Swamp:3  | Killed Mara
 25924 | Swamp:3  | Bound Mara
 26122 | Swamp:4  | Entered Level 4 of the Swamp
 26152 | Swamp:4  | Noticed a tentacled monstrosity
 26160 | Swamp:4  | Killed a tentacled monstrosity
 26464 | Swamp:4  | Reached skill level 15 in Armour
 26806 | Swamp:4  | Noticed a tentacled monstrosity
 26813 | Swamp:4  | Killed a tentacled monstrosity
 26866 | Swamp:4  | Got a decaying rune of Zot
 27062 | Swamp:4  | Learned a level 3 spell: Fugue of the Fallen
 27342 | Elf:1    | Entered Level 1 of the Elven Halls
 27692 | Elf:1    | Reached skill level 20 in Invocations
 27730 | Elf:1    | Reached XP level 20. HP: 172/172 MP: 34/34
 27773 | Elf:1    | Reached skill level 5 in Summonings
 27843 | Elf:1    | Got the Catalogue of the Fifth Circle
 28682 | Elf:2    | Found Kiynodgh's Weapon Emporium.
 28774 | Elf:2    | Found Lipapyiw's Distillery.
 28780 | Elf:2    | Bought a potion of mutation for 152 gold pieces
 28780 | Elf:2    | Bought a potion of heal wounds for 95 gold pieces
 28780 | Elf:2    | Bought a potion of heal wounds for 95 gold pieces
 28811 | Elf:2    | Found a runed translucent gate.
 28830 | Elf:2    | Found the +9 sword of Power {lifebolt}
 28838 | Elf:2    | Found a runed translucent gate.
 28838 | Elf:2    | Found a runed translucent gate.
 29890 | Vaults:1 | Entered Level 1 of the Vaults
 30016 | Vaults:1 | Reached XP level 21. HP: 91/181 MP: 32/35
 30151 | Vaults:1 | Reached skill level 21 in Invocations
 30382 | Vaults:1 | Reached skill level 10 in Earth Magic
 30402 | Vaults:1 | Found Kiwemen's Antique Weapon Boutique.
 30775 | Vaults:1 | Reached skill level 5 in Spellcasting
 31010 | Vaults:1 | Reached skill level 1 in Necromancy
 31547 | Vaults:2 | Upgraded the game from 0.32-a0-361-g289a535e89 to
                  | 0.32-a0-391-gce5c0aab1b
 31875 | Vaults:2 | Identified the orb "Zyheybol" {light, -Tele rPois Int+5}
 31875 | Vaults:2 | Noticed Frederick
 31883 | Vaults:2 | Killed Frederick
 32131 | Vaults:2 | Reached skill level 5 in Necromancy
 32213 | Vaults:2 | Found a staircase to the Crypt.
 32793 | Vaults:3 | Reached XP level 22. HP: 117/192 MP: 36/36
 33246 | Vaults:3 | Identified the +6 dagger "Zofeyfora" {venom, SInv}
 33246 | Vaults:3 | Identified the +3 leather armour "Luheoska" {rC+ Slay+2}
 33263 | Vaults:3 | Identified the +6 battleaxe "Menkaeck" {venom, rPois rF+
                  | rC+ SInv}
 33275 | Vaults:3 | Noticed a golden dragon
 33286 | Vaults:3 | Killed a golden dragon
 33315 | Vaults:3 | Noticed a golden dragon
 33323 | Vaults:3 | Killed a golden dragon
 33467 | Vaults:3 | Got the Dissertation on Accomplices and Left-Handed Rites
 33547 | Vaults:3 | Reached skill level 15 in Maces & Flails
 34206 | Vaults:3 | Reached XP level 23. HP: 187/200 MP: 37/37
 34365 | Vaults:3 | Learned a level 1 spell: Apportation
 34370 | Vaults:3 | Learned a level 4 spell: Dispel Undead
 35702 | Depths:1 | Entered Level 1 of the Depths
 35718 | Depths:1 | Noticed Asterion
 35723 | Depths:1 | Killed Asterion
 35774 | Depths:1 | Found a one-way gate to the infinite horrors of the Abyss.
 35872 | Depths:1 | Learned a level 5 spell: Borgnjor's Vile Clutch
 36006 | Depths:1 | Noticed the Enchantress
 36015 | Depths:1 | Killed the Enchantress
 36034 | Depths:1 | Your ally Asterion died
 36266 | Depths:1 | Found a runed translucent gate.
 36266 | Depths:1 | Found a runed translucent gate.
 36266 | Depths:1 | Found a runed translucent gate.
 36476 | Depths:1 | Found a gateway to Hell.
 36628 | Depths:2 | Reached skill level 10 in Summonings
 36628 | Depths:2 | Reached skill level 22 in Invocations
 36642 | Depths:2 | Found the -2 hat of the Alchemist {rElec rPois rF+ rC+ rN+
                  | Will+ rMut rCorr}
 36725 | Depths:2 | Reached skill level 10 in Necromancy
 36895 | Depths:2 | Reached XP level 24. HP: 208/208 MP: 38/38
 36965 | Depths:2 | Identified the +2 chain mail of Zibloes {Regen+ Int+3
                  | Dex+3}
 37064 | Depths:2 | Found Hyplot's Magic Scroll Shop.
 37345 | Depths:2 | Identified the +0 ring mail of Calculation {Str+3 Int+5}
 37394 | Depths:2 | Found a one-way gate leading to the halls of Pandemonium.
 37504 | Depths:2 | Identified the +4 spear "Waraityfi" {pain, rF+ Will+ Str+3
                  | Stlth+}
 37727 | Depths:3 | Found a glowing silver altar of Zin.
 37727 | Depths:3 | Found a glowing golden altar of the Shining One.
 37727 | Depths:3 | Found a white marble altar of Elyvilon.
 38002 | Depths:3 | Found a one-way gateway to a ziggurat.
 38077 | Depths:3 | Found Wolutoli's Weapon Emporium.
 38829 | Depths:4 | Entered Level 4 of the Depths
 39001 | Depths:4 | Noticed a golden dragon
 39012 | Depths:4 | Killed a golden dragon
 39032 | Depths:4 | Found a gate to the Realm of Zot.
 39309 | Depths:4 | Acquired 795 gold pieces
 39763 | Depths:4 | Identified the +6 chain mail of the Comet {Will+}
 40080 | Vaults:5 | Entered Level 5 of the Vaults
 40099 | Vaults:5 | Reached XP level 25. HP: 175/207 MP: 25/38
 40117 | Vaults:5 | Noticed a dread lich
 40120 | Vaults:5 | Your ally Mara died
 40124 | Vaults:5 | Noticed a dread lich
 40126 | Vaults:5 | Identified the +1 falchion "Pimmodun" {pain, rF++ Dex+3}
 40126 | Vaults:5 | Noticed Bai Suzhen
 40166 | Vaults:4 | HP: 6/215 [Bai Suzhen/torrent of water (21)]
 40166 | Vaults:4 | Collided with a metal wall

Illustrated notes

Levels and vault maps discovered:
D:1:      lemuel_arrival_room, layout_basic
D:2:      layout_rooms
D:3:      minmay_wonky_spiral, layout_basic, grunt_temple_overflow_open,
          lemuel_crystal_altar, serial_shops, shop, nicolae_shop_tiny_glass,
          nicolae_shop_dealshenge, minmay_misc_feat_cross, st_stairs_7,
          uniq_natasha
D:4:      layout_loops_cross, lemuel_crystal_altar, columned_hall_lemuel,
          hangedman_decor_opposing, kennysheep_cross_room,
          nicolae_shop_distant_corner_stores, minivault_5, st_stairs_9,
          uniq_blork_the_orc
D:5:      layout_basic, minmay_temple_entry_ruins, lightli_sewer_entry_pipes,
          gammafunk_ghost_smash, chequers_hall_statues_y,
          chequers_serial_rivers_micro_b
D:6:      layout_basic, grunt_ministairs_8, kennysheep_generic_room_12
D:7:      layout_gridville, ebering_ghost_rock_garden,
          hangedman_decor_clover_reticule
D:8:      layout_basic, erik_lair_island, kennysheep_generic_room_15, uniq_erica
D:9:      layout_roguey, erik_orc_1, gammafunk_ghost_nasty_kobolds, uniq_psyche,
          uniq_maurice
D:10:     layout_irregular_city, grunt_ministairs_2
D:11:     layout_stronghold
D:12:     layout_cave_pods, gammafunk_ghost_stat_death
D:13:     layout_loops_ring, serial_bayou, serial_bayou_ford_a,
          serial_bayou_pond_a, serial_bayou_shore_a, serial_bayou_pond_d
D:14:     layout_irregular_city, grunt_vaults_entry_tiered,
          gammafunk_ghost_berserking_beasts, serial_ice, serial_ice_j,
          serial_ice_g, serial_ice_a, serial_ice_b, serial_ice_d, serial_ice_h,
          serial_ice_c, serial_ice_f
D:15:     gammafunk_enter_depths_forms, layout_stronghold,
          hangedman_decor_diamond_cutter
Lair:1:   lemuel_ratsnest, layout_chaotic_city, basic_altar, serial_rivers,
          chequers_serial_rivers_small_b, chequers_serial_rivers_large_a,
          chequers_serial_rivers_small_b, chequers_serial_rivers_large_b,
          chequers_serial_rivers_room_b, chequers_serial_rivers_room_b
Lair:2:   layout_gridlike, guppyfry_snake_entry_garden,
          kennysheep_abandoned_house, uniq_sonja
Lair:3:   layout_misc_corridors, skrybe_swamp_entry_bodies, patterned_corridor,
          serial_bayou_shore_b
Lair:4:   layout_small_grid, slime_entry_1, st_stairs_8
Lair:5:   wormcave, layout_small_grid
Swamp:1:  layout_basic_swamp, hangedman_swamp_ruin_wall, swamp_pool_4,
          grunt_lady_of_the_lake, nicolae_swamp_tree_isthmus
Swamp:2:  layout_basic_swamp, basic_altar, infiniplex_staircase_pool,
          uniq_roxanne
Swamp:3:  layout_basic_swamp, ebering_ghost_reflecting_pool,
          nicolae_swamp_reclaimed_castle, uniq_mara
Swamp:4:  nzn_swamp_witches_coven, layout_basic_swamp, swamp_pool_3
Snake:1:  layout_onion_interference, serial_shops, shop, st_stairs_1
Snake:2:  layout_layer_cave, serial_shops, nicolae_diamond_shop,
          lemuel_fruit_tree
Snake:3:  layout_gridlike, nicolae_coiled_stairwell_down
Snake:4:  johnstein_snake_rune_scales, layout_cave_town, drop_trap,
          serial_bayou_pond_e, hangedman_snake_corridor_cut
Orc:1:    layout_diamond_mine
Orc:2:    st_orc_rangers, layout_caves, serial_shops, statue_bzr,
          nicolae_orc_crystal_seam
Elf:1:    eino_elf_arrival_customs, layout_geoelf_diagonals,
          minmay_elf_annihilation
Elf:2:    nicolae_elf_blades_splatter_lattice [mumra_blade_entry_bloodbath],
          layout_gridlike, serial_shops, nicolae_shop_rolling_square,
          shop_coins, minivault_14, minivault_4, st_stairs_10
Vaults:1: nicolae_vaults_shrinking_rooms_1, vaults_room_pool, v_misc_5,
          nicolae_vaults_stairing_the_circle,
          nicolae_vaults_offset_grid_hallway_2, vaults_room_pool,
          ontoclasm_vaults_water_temple, nicolae_vaults_three_branches,
          nicolae_vaults_network_star, hangedman_vaults_stretched_pinwheel,
          nicolae_vaults_storage_closets_3, nicolae_vaults_tetromino_T_1,
          layout_vaults_big_cross, serial_shops, shop, serial_glass
Vaults:2: dpeg_vaults_monster_box, vaults_room_ringed_pool, v_alt_pattern_2,
          blue_anna_dwarven_crypt, nicolae_vaults_trapezoid_layered,
          ontoclasm_vaults_chip, nicolae_vaults_storage_closets_2,
          nicolae_vaults_sesquioval_fish, nicolae_vaults_theta,
          layout_vaults_omnigrid, uniq_frederick
Vaults:3: st_greater_box_3, serial_library_regret_index_small_wings,
          nicolae_vaults_triangles, vaults_dpeg_diagonal, vaults_dpeg_ring,
          nicolae_vaults_doubleplus_tesselated, v_misc_11,
          nicolae_vaults_tangram_2, vaults_dpeg_emergency_exit,
          nicolae_vaults_angled_halls, layout_vaults_big_room
Vaults:4: nicolae_vaults_spaceships, ontoclasm_vaults_twist, v_misc_30,
          nicolae_vaults_prndl, v_rooms_1, nicolae_vaults_shipping_containers_1,
          hangedman_vaults_corner_blocks, v_rooms_6, v_misc_29,
          nicolae_vaults_trapezoid_lopsided_4, nicolae_vaults_house_3,
          nicolae_vaults_alarming, vaults_room_door_ring,
          ontoclasm_vaults_ligature, vaults_room_stairs_pillars,
          nicolae_vaults_double_plus_1, layout_vaults_maze
Vaults:5: uniq_bai_suzhen
Depths:1: layout_gridville, minmay_room_of_horrors, pf_hell_entry_great_geh,
          serial_sigils_hangedman_etch, kennysheep_path_1, hex_medium,
          pandoras_box_mu, uniq_enchantress, uniq_asterion
Depths:2: nicolae_terramorphic_expanse [nicolae_terramorphic_quarter,
          nicolae_terramorphic_quarter, nicolae_terramorphic_quarter,
          nicolae_terramorphic_quarter, nicolae_terramorphic_quarter,
          nicolae_terramorphic_biome, nicolae_terramorphic_biome,
          nicolae_terramorphic_biome, nicolae_terramorphic_biome],
          layout_cave_pools, grunt_pan_entry_sceptre, minmay_misc_feat_tower,
          abyss_entry_small_statue_room, serial_shops,
          nicolae_shop_window_shopping, pf_hell_entry_tar_spiral,
          nicolae_twisty_statue_hallways, minmay_staircase_windowed_small
Depths:3: grunt_bruiser_brothers, layout_small_grid, enter_ziggurat_e,
          grunt_mini_vestibule, serial_shops, shop, abyss_entry,
          minmay_misc_feat_alley, hallowed_hall
Depths:4: grunt_crosshair, layout_cave_pools, abyss_entry, pan_entry,
          grunt_hell_entry_dis_old, serial_column_ruins,
          column_ruins_corridor_T, column_ruins_grid_1, column_ruins_grid_2,
          column_ruins_grid_1, column_ruins_grid_1,
          column_ruins_columns_straight, minmay_misc_feat_room

Skill      XL: |  1  2  3  4  5  6  7  8  9 10 11 12 13 14 15 16 17 18 19 20 21 22 23 24 25 |
---------------+----------------------------------------------------------------------------+-----
Staves         | 3 4 5 7 |  7.1
Armour         | 4 5 6 9 11 13 14 15 16 17 | 17.8
Fighting       | 4 5 6 7 8 9 10 11 13 14 16 17 18 19 20 21 | 21.6
Invocations    | 1 2 3 4 6 7 9 10 12 13 15 16 18 19 20 21 22 | 22.0
Maces & Flails | 4 7 9 11 12 13 16 17 19 | 19.5
Shields        | 7 9 10 12 14 16 17 | 17.2
Earth Magic    | 1 6 9 10 11 | 11.4
Summonings     | 2 4 7 8 9 10 | 10.0
Spellcasting   | 1 4 5 6 |  6.0
Necromancy     | 5 8 10 | 10.0

Action                     |  1- 3 |  4- 6 |  7- 9 | 10-12 | 13-15 | 16-18 | 19-21 | 22-24 | 25-27 || total
---------------------------+-------+-------+-------+-------+-------+-------+-------+-------+-------++-------
  Melee: Quarterstaff      |    63 |   134 |   185 |       |       |       |       |       |       ||   382
         Dire flail        |       |       |    78 |   318 |   697 |   698 |   762 |   893 |       ||  3446
         Great mace        |       |       |       |       |       |       |       |       |    36 ||    36
   Cast: Animate Armour    |       |       |       |       |       |       |     1 |     4 |       ||     5
         Martyr's Knell    |       |       |       |       |       |       |     1 |     3 |       ||     4
         Fugue of the Fall |       |       |       |       |       |       |       |     2 |       ||     2
 Invoke: Light the Black T |       |     2 |     3 |     5 |     8 |     8 |     7 |     6 |       ||    39
         Recall Undead Har |       |       |       |     2 |     2 |     4 |     7 |     1 |       ||    16
         Hurl Torchlight   |       |       |       |     1 |     7 |    13 |    17 |     9 |     4 ||    51
         Bind Soul         |       |       |       |     1 |     1 |       |     1 |       |       ||     3
         Fathomless Shackl |       |       |       |       |     1 |     2 |     1 |     2 |     2 ||     8
Ability: Dig               |       |       |       |     2 |     2 |       |     5 |       |       ||     9
  Evoke: Wand              |       |       |       |     2 |     2 |       |       |       |       ||     4
         Box of beasts     |       |       |       |       |       |       |       |     1 |       ||     1
         Phantom mirror    |       |       |       |       |       |       |       |       |     1 ||     1
    Use: Scroll            |       |     3 |     8 |     4 |     9 |     6 |     2 |     9 |     2 ||    43
         Potion            |       |       |     2 |     2 |     3 |     3 |     2 |     6 |     8 ||    26
   Stab: Distracted        |       |       |       |     4 |     8 |    15 |    11 |    24 |       ||    62
         Invisible         |       |       |       |       |     2 |       |       |       |       ||     2
         Confused          |       |       |       |       |       |       |       |     1 |       ||     1
 Armour: Scale mail        |    52 |    83 |    66 |   118 |   220 |       |       |       |       ||   539
         Chain mail        |       |       |    35 |    27 |       |       |       |       |       ||    62
         Plate armour      |       |       |       |       |    88 |   423 |   565 |   659 |    85 ||  1820
  Dodge: Dodged            |    37 |    89 |   160 |   179 |   259 |   140 |   125 |   154 |    12 ||  1155
  Block: Buckler           |    19 |    20 |    38 |       |       |       |       |       |       ||    77
         Kite shield       |       |       |    15 |   162 |   369 |   428 |   396 |   505 |    50 ||  1925

Table legend: (Time is in decaauts)
 A = Elapsed time spent in this place.
 B = Non-inter-level travel time spent in this place.
 C = Inter-level travel time spent in this place.
 D = Time resting spent in this place.
 E = Time spent auto-exploring this place.
 F = Levels seen in this place.
 G = Mean time per level.
                   A        B        C        D        E       F      G
               +--------+--------+--------+--------+--------+-----+--------+
         Total |  39314 |  34969 |   4345 |    185 |  26239 |  42 |  936.0 |
       Dungeon |  14287 |  11814 |   2473 |     87 |   8789 |  15 |  952.5 |
          Lair |   4835 |   4352 |    483 |     16 |   3392 |   5 |  967.0 |
         Swamp |   2619 |   2427 |    192 |      0 |   1806 |   4 |  654.8 |
     Snake Pit |   3893 |   3706 |    187 |      0 |   2968 |   4 |  973.2 |
  Orcish Mines |   1540 |   1252 |    288 |      0 |    901 |   2 |  770.0 |
   Elven Halls |   2271 |   2099 |    172 |     22 |   1623 |   2 | 1135.5 |
        Vaults |   5630 |   5311 |    319 |      0 |   3950 |   5 | 1126.0 |
        Depths |   4027 |   3798 |    229 |     60 |   2808 |   4 | 1006.8 |
        Bazaar |    209 |    209 |      0 |      0 |      0 |   1 |  209.0 |
               +--------+--------+--------+--------+--------+-----+--------+

Top non-repeatable levels by time:
Vaults:3: 1662 daAuts
Vaults:1: 1515 daAuts
     D:5: 1414 daAuts
   Elf:2: 1307 daAuts
Vaults:2: 1276 daAuts
     D:4: 1262 daAuts
Depths:3: 1249 daAuts
  Lair:1: 1224 daAuts
     D:8: 1183 daAuts
 Snake:4: 1164 daAuts
 Snake:2: 1132 daAuts
     D:9: 1131 daAuts
     D:3: 1130 daAuts
Vaults:4: 1124 daAuts
  Lair:4: 1103 daAuts
